 Dungeon Crawl Stone Soup version 0.22-a0-525-gf69a080 (webtiles) character file.

10 kae the Skirmisher (level 2, -3/27 HPs)
             Began as a Minotaur Fighter on June 20, 2018.
             Slain by a goblin
             ... wielding a +1 dagger of electrocution
              (18 damage)
             ... on level 1 of the Dungeon.
             The game lasted 00:00:29 (380 turns).

kae the Skirmisher (Minotaur Fighter)                Turns: 380, Time: 00:00:30

Health: -3/27      AC:  7    Str: 20    XL:     2   Next: 10%
Magic:  1/1        EV:  7    Int:  5    God:
Gold:   12         SH:  9    Dex:  9    Spells: 1/1 levels left

rFire    . . .     SeeInvis .   a - +0 long sword
rCold    . . .     Gourm    .   c - +0 shield
rNeg     . . .     Faith    .   b - +0 scale mail
rPois    .         Spirit   .   (helmet restricted)
rElec    .         Reflect  .   (no cloak)
rCorr    .         Harm     .   (no gloves)
MR       .....                  (no boots)
Stlth    ..........             (no amulet)
HPRegen  0.09/turn              (no ring)
MPRegen  0.07/turn              (no ring)

@: no status effects
A: retaliatory headbutt, horns 2
a: no special abilities


You were on level 1 of the Dungeon.
You were not hungry.

You visited 1 branch of the dungeon, and saw 1 of its levels.

You collected 12 gold pieces.

Inventory:

Hand Weapons
 a - a +0 long sword (weapon)
Armour
 b - a +0 scale mail (worn)
 c - a +0 shield (worn)
Potions
 d - a potion of might
 e - a potion of haste {unknown}
Comestibles
 f - 3 rations


   Skills:
 + Level 3.8 Fighting
 * Level 2.9 Long Blades
 + Level 3.8 Armour
 + Level 0.6 Dodging
 - Level 3.6 Shields


You had one spell level left.
You didn't know any spells.
Your spell library was empty.

Dungeon Overview and Level Annotations

Branches:
Dungeon (1/15)

Altars:


Innate Abilities, Weirdness & Mutations

You reflexively headbutt those who attack you in melee.
You have a pair of horns on your head.


Message History

A hobgoblin comes into view. It is wielding a club.
The goblin hits you but does no damage.
You are electrocuted!
You are too injured to fight recklessly!
You are too injured to fight recklessly!
You are too injured to fight recklessly!
You are too injured to fight recklessly!
You are too injured to fight recklessly!
You are too injured to fight recklessly!
You are too injured to fight recklessly!
You are too injured to fight recklessly!
The hobgoblin shouts!
You hear a shout!
The bat hits you but does no damage. You block the bat's attack.
You closely miss the goblin. The goblin barely misses you.
You furiously retaliate!
You headbutt the goblin!
You kill the goblin!
You closely miss the goblin.
The goblin hits you with a dagger of electrocution.
You are electrocuted!
Ouch! That really hurt!
You die...

##...######### ....#
#............# ..#.#
#............# .$#.#
#............###.#.###
#.............##.....
#....)........##...#
#^............##...#
#.............##g..#
#.............@gb..#
#.............###..#
#.............# ..#
#.............# .(..
#[..........(.# ..###
####.....####.# .(#
######.###.# #.# b.#
...........# #.# ...
######.########.#


You could see a hobgoblin, a goblin and a bat.

Vanquished Creatures
  3 goblins (D:1)
  3 hobgoblins (D:1)
  2 kobolds (D:1)
  A frilled lizard (D:1)
9 creatures vanquished.

Notes
Turn   | Place    | Note
-------+----------+-------------------------------------------
     0 | D:1      | kae the Minotaur Fighter began the quest for the Orb.
     0 | D:1      | Reached XP level 1. HP: 19/19 MP: 0/0
    56 | D:1      | Reached XP level 2. HP: 3/27 MP: 1/1
   380 | D:1      | Slain by a goblin

Vault maps used:
D:1:      doesnt_arrival_eight_statues, nrook_mini_backslash, st_stairs_10

Action                   || total
-------------------------++-------
Melee: Long sword        ||    26
       Headbutt          ||     6
Armor: Scale mail        ||     5
Dodge: Dodged            ||     2
Block: Shield            ||    16
       Rpst.: Long sword ||     1

Table legend:
 A = Spawn XP
 B = Non-spawn XP
 C = Spawn XP percentage of total XP
 D = Spawn monster count
 E = Non-spawn monster count
 F = Spawn count percentage of total count
 G = Total turns spent on level
                    A         B        C        D         E        F      G
               +---------+---------+-------+---------+---------+-------+---------
         Total |       0 |      15 |   0.0 |       0 |       9 |   0.0 |   380
               +---------+---------+-------+---------+---------+-------+---------
           D:1 |       0 |      15 |   0.0 |       0 |       9 |   0.0 |   380
               +---------+---------+-------+---------+---------+-------+---------
